 Dungeon Crawl Stone Soup version 0.31-a0-700-gf13585253f (webtiles) character file.

Game seed: 5518595844167939944

201856 qw the Crack Shot (level 19, -2/130 HPs)
             Began as a Gargoyle Hunter on Sept 7, 2023.
             Was a High Priest of Okawaru.
             Shot with an arrow by a naga sharpshooter (11 damage)
             ... on level 4 of the Snake Pit.
             The game lasted 00:14:51 (25066 turns).

qw the Crack Shot (Gargoyle Hunter)                Turns: 25066, Time: 00:14:51

Health: -2/130     AC: 23    Str: 15    XL:     19   Next: 0%
Magic:  26/26      EV: 36    Int: 13    God:    Okawaru [*****.]
Gold:   255        SH:  0    Dex: 36    Spells: 18/18 levels left

rFire   . . .        y - +10 triple crossbow of Qazlal's Favour {flame, Int+3}
rCold   + + +        (shield currently unavailable)
rNeg    + . .        t - +0 robe "Wojeil" {Regen+ Str-5 Dex+6 SInv}
rPois   inf          o - +2 helmet
rElec   +            v - +2 cloak
rCorr   +            a - +2 pair of gloves {Dex+3}
SInv    +            s - +2 pair of boots "Zaceur" {*Corrode rC+++}
Will    +....        (no amulet)
Stlth   ++++         p - +6 ring of dexterity
HPRegen 1.21/turn    g - ring of the Good {rCorr Dex+3 Slay+4}
MPRegen 0.20/turn

%: corrode self (3%)
@: about to teleport, heroic, weakened, corroded, flying, constricted
A: sickness immunity, AC +14, big wings, negative energy resistance 1,
electricity resistance, torment resistance 1, petrification resistance, strong 1
a: Renounce Religion, Heroism, Finesse, Duel


You were on level 4 of the Snake Pit.
You worshipped Okawaru.
Okawaru was extremely pleased with you.
You visited 5 branches of the dungeon, and saw 29 of its levels.
You also visited: Sewer and Ossuary.

You collected 2864 gold pieces.
You spent 2609 gold pieces at shops.


Innate Abilities, Weirdness & Mutations

You are immune to sickness and miasma.
Your stone body is resilient. (AC +14)
You are immune to poison.
Your large and strong wings let you fly.
You resist negative energy. (rN+)
You are resistant to electric shocks. (rElec)
You are resistant to unholy torment.
You are immune to petrification.
Your muscles are strong. (Str +4, Int/Dex -1)


   Skills:
 - Level 18.0(23.0) Fighting
 - Level 22.0(27) Ranged Weapons
 - Level 8.0(13.0) Armour
 + Level 14.4(19.4) Dodging
 - Level 1.1(6.1) Stealth
 - Level 10.0 Invocations


You had 18 spell levels left.
You didn't know any spells.
Your spell library was empty.

Inventory:

Hand Weapons
 y - the +10 triple crossbow of Qazlal's Favour (weapon) {flame, Int+3}
   (You acquired it on level 11 of the Dungeon)

   Int+3:     It affects your intelligence (+3).
Armour
 a - a +2 pair of gloves of dexterity (worn)
 d - the +3 hat of Pondering {ponderous, Will+ MP+10 Int+5}
   (You took it off Gastronok on level 2 of the Lair of Beasts)

   Int+5:     It affects your intelligence (+5).
   Will+:     It increases your willpower.
   MP+10:     It affects your magic capacity (+10).
 o - a +2 helmet (worn)
 q - a +1 pair of boots
 s - the +2 pair of boots "Zaceur" (worn) {*Corrode rC+++}
   (Okawaru gifted it to you on level 5 of the Lair of Beasts)

   rC+++:     It renders you almost immune to cold.
   *Corrode:  It may corrode you when you take damage.
 t - the +0 robe "Wojeil" (worn) {Regen+ Str-5 Dex+6 SInv}
   (You found it on level 6 of the Dungeon)

   Str-5:     It affects your strength (-5).
   Dex+6:     It affects your dexterity (+6).
   SInv:      It lets you see invisible.
   Regen+:    It increases your rate of health regeneration.
 v - a +2 cloak (worn)
Jewellery
 g - the ring of the Good (right hand) {rCorr Dex+3 Slay+4}
   (You found it on level 3 of the Dungeon)

   [ring of slaying]

   Dex+3:     It affects your dexterity (+3).
   Slay+4:    It affects your accuracy & damage with ranged weapons and melee
   (+4).
   rCorr:     It protects you from acid and corrosion.
 p - a +6 ring of dexterity (left hand)
Wands
 n - a wand of digging (2)
Scrolls
 c - 3 scrolls of enchant armour
 i - 10 scrolls of teleportation
 j - 4 scrolls of identify
 m - a scroll of enchant weapon
 x - 2 scrolls of brand weapon
Potions
 b - 3 potions of cancellation
 e - 4 potions of magic
 f - 18 potions of curing
 h - a potion of heal wounds
 k - 3 potions of resistance
 l - 5 potions of enlightenment
 r - 2 potions of haste
 u - 5 potions of mutation
 w - 7 potions of might

Dungeon Overview and Level Annotations

Branches:
Dungeon (15/15)            Temple (0/1) D:6            Lair (5/5) D:9
 Shoals (3/4) Lair:3        Snake (4/4) Lair:2        Slime (0/5) Lair:5
    Orc (2/2) D:12            Elf (0/3) Orc:2        Vaults (0/5) D:14
 Depths (0/4) D:15          Sewer (visited)         Ossuary (visited)

Altars:
Cheibriados
Dithmenos
Kikubaaqudgha
Makhleb
Nemelex Xobeh
Okawaru
Qazlal
Trog
Uskayaw
Xom
Yredelemnul
Zin
Jiyva

Shops:
D:9 ?   D:10 :   D:13 :   Orc:2 [=!=   Snake:2 !?!(

Annotations:
D:5 1 runed translucent door, Crazy Yiuf
D:7 2 transporters, qw's ghost, novice GrHu
Lair:3 1 runed translucent door, qw's ghost, journeyman GrHu
Shoals:1 exclusions: kraken and 9 tentacles
Snake:3 3 runed translucent doors, qw's ghost, adept GrHu


Message History

The splash of poison hits the naga warrior but does no damage.
The naga mage spits poison at you. The splash of poison misses you.
The anaconda completely misses you. The anaconda constricts you.
The black mamba bites you but does no damage.
You shoot a bolt. The bolt hits the anaconda!!!
The bolt burns the anaconda.
You kill the anaconda!
Okawaru accepts your kill. The naga mage casts a spell at you.
The bolt of poison hits you but does no damage.
You resist.
The bolt of poison hits the naga warrior!
The black mamba closely misses you. The salamander misses you.
The naga warrior misses you. The naga warrior grabs you.
The naga warrior constricts you. The naga mage completely misses you.
The naga sharpshooter unwields a +0 mace.
The naga sharpshooter wields a +0 arbalest.
The naga sharpshooter mumbles some strange words.
The naga sharpshooter magically shoots a bolt.
The bolt completely misses you. The naga mage completely misses you.
The salamander closely misses you.
The naga sharpshooter casts a spell.
The naga sharpshooter magically shoots a bolt.
The bolt hits you! The black mamba completely misses you.
You have reached level 19!
25066 ||| READING 11 scrolls of teleportation.
As you read the scroll of teleportation, it crumbles to dust.
You feel strangely unstable. The salamander misses you.
The black mamba completely misses you. The naga mage barely misses you.
The naga warrior hits you but does no damage.
The naga warrior constricts you.
The naga mage hits you with a +0 hand axe!
A black mamba comes into view.
The naga sharpshooter unwields a +0 battleaxe.
The naga sharpshooter wields a +2 heavy longbow.
The naga sharpshooter mumbles some strange words.
The naga sharpshooter magically shoots an arrow.
The arrow hits you!
You die...

. .## ##.# ..## ##
#..##.# ..
####N....###..
##..@%.........
##.#NNSN........
#....NN..........
#...NN...........
#.N..NS..........
...#..............
.......N..........
.......SN...#.....
..........##.....


You could see a naga warrior, 3 naga sharpshooters, a salamander tyrant, 5
salamanders, a mana viper, 2 black mambas and 2 naga magi.

Vanquished Creatures
  Jorgrun (D:15)
  Rupert (D:13)
  A kraken (Shoals:1)
  Kirke (D:15)
  Aizul (Snake:4)
  Gastronok (Lair:2)
  Agnes (Snake:1)
  Roxanne (Snake:3)
  A nagaraja (Snake:2)
  Donald (Shoals:2)
  Louise (D:15)
  An ironbound preserver (D:14)
  5 dire elephants
  6 merfolk impalers
  A merfolk javelineer (Shoals:3)
  Josephine (Orc:1)
  9 hydras
  Erolcha (D:9)
  A rakshasa (D:14)
  16 anacondas
  An alligator snapping turtle (Shoals:3)
  4 salamander tyrants (Snake:4)
  3 merfolk avatars
  5 centaur warriors
  2 boulder beetles (D:14)
  Erica (Orc:1)
  13 naga warriors
  2 two-headed ogres
  A satyr (Shoals:2)
  5 tengu warriors
  6 shock serpents
  6 naga sharpshooters
  12 death yaks
  Nergalle (Orc:1)
  5 salamander mystics
  4 skysharks
  A skeletal warrior (D:14)
  A spectral anaconda (Lair:5)
  A spectral death yak (Lair:5)
  2 lindwurms (Snake:4)
  7 sea snakes
  8 naga ritualists
  An obsidian statue (Lair:5)
  3 necromancers (Lair:5)
  16 mana vipers
  13 harpies
  17 ugly things
  4 orc knights
  2 deep elf pyromancers
  11 cyclopes
  17 salamanders
  10 manticores
  A faun (Lair:5)
  A wolf spider (D:15)
  4 oklob plants
  2 orc sorcerers
  14 elephants
  5 centaur zombies (D:10)
  Maurice (D:8)
  6 merfolk sirens
  9 guardian serpents
  40 black mambas
  17 naga magi
  8 water nymphs
  Joseph (D:7)
  A torpor snail (Lair:5)
  A gargoyle (D:12)
  A rime drake (Lair:1)
  4 yaktaurs (D:15)
  2 dire elephant skeletons (Lair:5)
  13 komodo dragons
  2 unseen horrors
  13 cane toads
  A freezing wraith (D:14)
  2 tengu conjurers (D:15)
  A queen bee (D:11)
  A kobold demonologist (D:8)
  11 trolls
  A queen bee (shapeshifter) (D:13)
  2 meliai (D:14)
  7 polar bears
  10 merfolk
  3 wind drakes
  9 dream sheep
  6 snapping turtles
  18 blink frogs
  A spectral elephant (Lair:5)
  19 slime creatures
  5 water elementals
  7 wyverns
  4 centaur simulacra
  8 wraiths
  A shadow (D:13)
  2 vampires
  4 hogs (D:15)
  2 humans (D:15)
  63 yaks
  8 basilisks
  10 vampire mosquitoes
  A spectral cane toad (Lair:5)
  A death yak simulacrum (Lair:5)
  A warg (D:15)
  A swamp worm (D:8)
  Menkaure (D:5)
  31 nagas
  An acid dragon (D:9)
  15 water moccasins
  41 orc warriors
  Pargi (Sewer)
  3 ice beasts
  7 ogres
  2 sky beasts
  12 wolves
  17 centaurs
  A kobold brigand (D:8)
  Blork the orc (D:4)
  19 bullfrogs
  2 necrophages (D:10)
  3 gnoll sergeants
  4 scorpions
  8 wights
  3 water moccasin zombies (Ossuary)
  A cane toad simulacrum (Lair:5)
  2 elephant simulacra (Lair:5)
  29 killer bees
  2 howler monkeys
  3 vampire bats (D:9)
  4 electric eels
  3 hounds
  A human zombie (D:10)
  20 orc priests
  2 gnoll boudas
  4 iguanas
  A sleepcap (D:5)
  17 orc wizards
  3 mummies
  7 adders
  17 gnolls
  11 white imps
  2 ufetubi
  5 adder zombies (Ossuary)
  6 worms
  2 dart slugs
  71 orcs
  6 ball pythons
  3 bat skeletons (D:9)
  4 bat zombies (D:9)
  7 endoplasms
  2 giant cockroaches
  4 gnoll zombies (Ossuary)
  7 goblins
  4 hobgoblins
  7 jackals
  7 kobolds
  2 quokkas
  10 bats
  5 frilled lizards
  2 goblin zombies (D:5)
  8 hobgoblin zombies (Ossuary)
  3 kobold zombies (Ossuary)
  7 orc zombies (Ossuary)
  6 rats
  6 tentacles (Shoals:1)
1078 creatures vanquished.

Vanquished Creatures (others)
  7 tentacles (Shoals:1)
7 creatures vanquished.

Grand Total: 1085 creatures vanquished

Notes
Turn   | Place    | Note
-------+----------+-------------------------------------------
     0 | D:1      | qw the Gargoyle Hunter began the quest for the Orb.
     0 | D:1      | Reached XP level 1. HP: 12/12 MP: 1/1
     0 | D:1      | 0 ||| qw: Version: 0.3-a-76-g4403597
     0 | D:1      | 0 ||| qw: Game counter: 631
     0 | D:1      | 0 ||| qw: Melee chars always use a shield: true
     0 | D:1      | 0 ||| qw: God list: Okawaru
     0 | D:1      | 0 ||| qw: Allow faded altars: false
     0 | D:1      | 0 ||| qw: Do Orc after clearing Dungeon:15 true
     0 | D:1      | 0 ||| qw: Do second Lair branch before Depths: true
     0 | D:1      | 0 ||| qw: Lair rune preference: random
     0 | D:1      | 0 ||| qw: Goals: Normal
     0 | D:1      | 0 ||| PLANNING D:1-11
    94 | D:1      | 94 ||| Stepping ~*~*~tactically~*~*~ (water).
    96 | D:1      | 96 ||| Stepping ~*~*~tactically~*~*~ (water).
   195 | D:1      | Reached XP level 2. HP: 11/17 MP: 2/2
   819 | D:1      | 819 ||| UPGRADING to +0 ring mail.
   829 | D:1      | 829 ||| DROPPING +0 leather armour.
   830 | D:1      | 830 ||| READING 2 scrolls labelled YWECVE JUSYAQO.
   830 | D:1      | Identified 2 scrolls of acquirement
   830 | D:1      | 830 ||| ACQUIRING ring "Ziataor" {Str+6 Stlth+}
   830 | D:1      | Acquired the ring "Ziataor" {Str+6 Stlth+}
   831 | D:1      | 831 ||| READING scroll of acquirement.
   831 | D:1      | 831 ||| ACQUIRING +5 heavy arbalest
   831 | D:1      | Acquired a +5 heavy arbalest
   833 | D:1      | 833 ||| SWAPPING to +5 heavy arbalest.
   834 | D:1      | 834 ||| DROPPING +0 shortbow.
   835 | D:1      | 835 ||| UPGRADING to ring "Ziataor" {Str+6 Stlth+}.
   836 | D:1      | 836 ||| READING 2 scrolls labelled WELIXAEWNO.
   841 | D:1      | 841 ||| READING 2 scrolls labelled GIRUPE DURI.
   842 | D:1      | 842 ||| READING scroll labelled PEINAR YKK.
   843 | D:1      | 843 ||| DRINKING 3 smoky puce potions.
   844 | D:1      | 844 ||| DRINKING 2 viscous puce potions.
   888 | D:1      | 888 ||| DROPPING scroll of butterflies.
   889 | D:1      | 889 ||| DROPPING potion of lignification.
   945 | D:2      | 945 ||| READING scroll labelled KAUSSO MAMPYU.
   946 | D:2      | 946 ||| READING scroll labelled IVIN NEBRITEXT.
   961 | D:2      | Reached XP level 3. HP: 21/21 MP: 3/3
   992 | D:2      | Reached skill level 1 in Armour
  1201 | D:2      | Reached skill level 5 in Ranged Weapons
  1424 | D:2      | 1424 ||| READING scroll labelled ORASHAO AFOSE.
  2038 | D:3      | Identified the ring of the Good {rCorr Dex+3 Slay+4}
  2099 | D:3      | Noticed a +0 hand axe
  2099 | D:3      | Noticed a +0 hand axe
  2103 | D:3      | Found a hide-covered altar of Uskayaw.
  2116 | D:3      | Reached skill level 3 in Fighting
  2116 | D:3      | Reached XP level 4. HP: 28/28 MP: 4/4
  2268 | D:3      | Found a shadowy altar of Dithmenos.
  2328 | D:3      | 2328 ||| READING scroll of enchant weapon.
  2328 | D:3      | 2328 ||| ENCHANTING +5 heavy arbalest.
  2364 | D:3      | Found a glowing silver altar of Zin.
  2511 | D:3      | 2511 ||| UPGRADING to ring of the Good {rCorr Dex+3
                  | Slay+4}.
  2512 | D:3      | 2512 ||| READING scroll labelled GYESUSTRYDI.
  2537 | D:4      | 2537 ||| PLANNING SEWER
  2571 | D:4      | Found a glowing drain.
  2582 | Sewer    | Entered a sewer
  2585 | Sewer    | 2585 ||| Stepping ~*~*~tactically~*~*~ (water).
  2592 | Sewer    | 2592 ||| Stepping ~*~*~tactically~*~*~ (water).
  2613 | Sewer    | 2613 ||| Stepping ~*~*~tactically~*~*~ (water).
  2641 | Sewer    | 2641 ||| READING scroll of acquirement.
  2641 | Sewer    | 2641 ||| ACQUIRING 604 gold pieces
  2641 | Sewer    | Acquired 604 gold pieces
  2659 | Sewer    | Noticed Pargi
  2661 | Sewer    | Killed Pargi
  2662 | Sewer    | Reached skill level 6 in Ranged Weapons
  2662 | Sewer    | Reached XP level 5. HP: 32/32 MP: 5/5
  2698 | Sewer    | 2698 ||| UPGRADING to +0 troll leather armour {Pargi}.
  2708 | Sewer    | 2708 ||| DROPPING +0 ring mail.
  2709 | Sewer    | 2709 ||| READING scroll labelled CAUSTY IMUI.
  2723 | D:4      | 2723 ||| PLANNING D:1-11
  2738 | D:4      | Found a shimmering altar of Xom.
  2762 | D:4      | Reached XP level 6. HP: 38/38 MP: 6/6
  2823 | D:4      | Found an iron altar of Okawaru.
  2824 | D:4      | 2824 ||| PLANNING OKAWARU WORSHIP
  2831 | D:4      | Became a worshipper of Warmaster Okawaru
  2832 | D:4      | 2832 ||| PLANNING D:1-11
  3089 | D:4      | Noticed Blork the orc
  3091 | D:4      | Killed Blork the orc
  3092 | D:4      | Reached skill level 7 in Ranged Weapons
  3092 | D:4      | Reached XP level 7. HP: 43/43 MP: 7/7
  3244 | D:4      | 3244 ||| READING scroll labelled TITTAY GAHEO.
  3253 | D:4      | 3253 ||| DRINKING 2 amethyst potions.
  3254 | D:4      | 3254 ||| DRINKING 2 smoky dark potions.
  3255 | D:4      | 3255 ||| DRINKING 2 glowing golden potions.
  3256 | D:4      | 3256 ||| DROPPING potion of degeneration.
  3260 | D:5      | Entered Level 5 of the Dungeon
  3261 | D:5      | 3261 ||| PLANNING OSSUARY
  3284 | D:5      | Found a runed translucent door.
  3285 | D:5      | Noticed Crazy Yiuf
  3374 | D:5      | 3374 ||| Stepping ~*~*~tactically~*~*~ (retreating).
  3375 | D:5      | 3375 ||| RETREATING.
  3481 | D:5      | Noticed Menkaure
  3482 | D:5      | Killed Menkaure
  3483 | D:5      | Reached skill level 8 in Ranged Weapons
  3532 | D:5      | Reached * piety under Okawaru
  3533 | D:5      | Found a sand-covered staircase.
  3543 | Ossuary  | Entered an ossuary
  3565 | Ossuary  | Reached skill level 1 in Invocations
  3565 | Ossuary  | Reached XP level 8. HP: 49/49 MP: 8/8
  3679 | Ossuary  | 3679 ||| READING scroll labelled ATULLIAKHE.
  3680 | Ossuary  | 3680 ||| READING scroll labelled BUPLOSODAN.
  3681 | Ossuary  | 3681 ||| DRINKING 2 clear potions.
  3682 | Ossuary  | 3682 ||| DRINKING 3 purple potions.
  3683 | Ossuary  | 3683 ||| DROPPING potion of invisibility.
  3684 | Ossuary  | 3684 ||| DROPPING 2 potions of attraction.
  3690 | D:5      | 3690 ||| PLANNING D:1-11
  3693 | D:5      | 3693 ||| INVOKING Heroism.
  3733 | D:5      | Reached skill level 3 in Invocations
  3937 | D:5      | Found a bloodstained altar of Trog.
  3945 | D:5      | Reached skill level 9 in Ranged Weapons
  4167 | D:5      | 4167 ||| DRINKING 2 glowing dark potions.
  4222 | D:6      | Found a staircase to the Ecumenical Temple.
  4306 | D:6      | 4306 ||| Stepping ~*~*~tactically~*~*~ (retreating).
  4307 | D:6      | 4307 ||| Stepping ~*~*~tactically~*~*~ (retreating).
  4308 | D:6      | 4308 ||| Stepping ~*~*~tactically~*~*~ (retreating).
  4309 | D:6      | 4309 ||| Stepping ~*~*~tactically~*~*~ (retreating).
  4310 | D:6      | 4310 ||| Stepping ~*~*~tactically~*~*~ (retreating).
  4311 | D:6      | 4311 ||| Stepping ~*~*~tactically~*~*~ (retreating).
  4312 | D:6      | 4312 ||| Stepping ~*~*~tactically~*~*~ (retreating).
  4313 | D:6      | 4313 ||| Stepping ~*~*~tactically~*~*~ (retreating).
  4314 | D:6      | 4314 ||| Stepping ~*~*~tactically~*~*~ (retreating).
  4315 | D:6      | 4315 ||| Stepping ~*~*~tactically~*~*~ (retreating).
  4316 | D:6      | 4316 ||| Stepping ~*~*~tactically~*~*~ (retreating).
  4317 | D:6      | Reached ** piety under Okawaru
  4319 | D:6      | Reached skill level 6 in Fighting
  4327 | D:6      | Reached skill level 3 in Dodging
  4473 | D:6      | 4473 ||| INVOKING Heroism.
  4475 | D:6      | Reached XP level 9. HP: 55/55 MP: 9/12
  4517 | D:6      | Identified the +0 robe "Wojeil" {Regen+ Str-5 Dex+6 SInv}
  4653 | D:6      | Found a burning altar of Makhleb.
  4760 | D:6      | 4760 ||| UPGRADING to +0 robe "Wojeil" {Regen+ Str-5 Dex+6
                  | SInv}.
  4770 | D:6      | 4770 ||| DROPPING +0 troll leather armour {Pargi}.
  4771 | D:6      | 4771 ||| UPGRADING to +0 cloak.
  4776 | D:6      | 4776 ||| READING 3 scrolls of enchant armour.
  4776 | D:6      | 4776 ||| ENCHANTING +0 cloak.
  4777 | D:6      | 4777 ||| READING 2 scrolls of enchant armour.
  4777 | D:6      | 4777 ||| ENCHANTING +1 cloak.
  4778 | D:6      | 4778 ||| READING scroll labelled QAC WUIJIPNE.
  4779 | D:6      | 4779 ||| READING scroll labelled GIAPACZ LAUSI.
  4780 | D:6      | 4780 ||| READING scroll labelled UMYQAOMEAMO.
  4781 | D:6      | 4781 ||| READING scroll labelled IZEEFI JITAARIWA.
  4782 | D:6      | 4782 ||| DRINKING 2 orange potions.
  4795 | D:7      | Noticed Joseph
  4797 | D:7      | 4797 ||| STAIRDANCE
  4815 | D:7      | 4815 ||| STAIRDANCE
  4838 | D:7      | 4838 ||| STAIRDANCE
  4845 | D:7      | 4845 ||| STAIRDANCE
  4862 | D:7      | Killed Joseph
  4863 | D:7      | Reached skill level 10 in Ranged Weapons
  5003 | D:7      | Reached *** piety under Okawaru
  5194 | D:7      | 5194 ||| INVOKING Heroism.
  5241 | D:7      | Found a sparkling altar of Nemelex Xobeh.
  5304 | D:7      | You fall into a shaft and drop 1 floor!
  5307 | D:8      | 5307 ||| UPGRADING to +1 helmet.
  5312 | D:8      | 5312 ||| READING scroll of enchant armour.
  5312 | D:8      | 5312 ||| ENCHANTING +1 helmet.
  5349 | D:7      | Found a transporter.
  5351 | D:7      | Identified the +10 great mace "Livoug" {heavy, *Rage +Blink
                  | Dex+2}
  5352 | D:7      | Noticed qw's ghost (novice GrHu)
  5354 | D:7      | 5354 ||| INVOKING Heroism.
  5372 | D:7      | Found a transporter.
  5927 | D:7      | 5927 ||| DRINKING 2 lumpy dark potions.
  5928 | D:7      | 5928 ||| DROPPING potion of brilliance.
  6010 | D:8      | Reached skill level 11 in Ranged Weapons
  6209 | D:8      | 6209 ||| INVOKING Heroism.
  6229 | D:8      | Reached XP level 10. HP: 63/63 MP: 13/13
  6231 | D:8      | 6231 ||| INVOKING Heroism.
  6300 | D:8      | Noticed a kobold demonologist
  6305 | D:8      | 6305 ||| Stepping ~*~*~tactically~*~*~ (retreating).
  6306 | D:8      | 6306 ||| Stepping ~*~*~tactically~*~*~ (retreating).
  6307 | D:8      | 6307 ||| Stepping ~*~*~tactically~*~*~ (retreating).
  6309 | D:8      | Noticed an orange demon
  6309 | D:8      | Killed a kobold demonologist
  6348 | D:8      | Noticed Maurice
  6350 | D:8      | Killed Maurice
  6350 | D:8      | Reached **** piety under Okawaru
  6400 | D:8      | 6400 ||| INVOKING Heroism.
  6700 | D:8      | 6700 ||| DROPPING +4 ring mail of poison resistance.
  6722 | D:9      | 6722 ||| READING 2 scrolls of enchant weapon.
  6722 | D:9      | 6722 ||| ENCHANTING +6 heavy arbalest.
  6723 | D:9      | 6723 ||| READING scroll of enchant weapon.
  6723 | D:9      | 6723 ||| ENCHANTING +7 heavy arbalest.
  6859 | D:9      | Reached skill level 12 in Ranged Weapons
  6941 | D:9      | Found a staircase to the Lair.
  6942 | D:9      | Found Duschot's Magic Scroll Boutique.
  6950 | D:9      | 6950 ||| BUYING scroll of brand weapon (104 gold).
  6950 | D:9      | Bought a scroll of brand weapon for 104 gold pieces
  6950 | D:9      | 6950 ||| BUYING scroll of enchant armour (82 gold).
  6950 | D:9      | Bought a scroll of enchant armour for 82 gold pieces
  6950 | D:9      | 6950 ||| BUYING scroll of enchant weapon (82 gold).
  6950 | D:9      | Bought a scroll of enchant weapon for 82 gold pieces
  6950 | D:9      | 6950 ||| BUYING scroll of identify (22 gold).
  6950 | D:9      | Bought a scroll of identify for 22 gold pieces
  6950 | D:9      | 6950 ||| BUYING scroll of identify (22 gold).
  6950 | D:9      | Bought a scroll of identify for 22 gold pieces
  6950 | D:9      | 6950 ||| READING scroll of enchant weapon.
  6950 | D:9      | 6950 ||| ENCHANTING +8 heavy arbalest.
  7144 | D:9      | Noticed Erolcha
  7145 | D:9      | 7145 ||| INVOKING Heroism.
  7147 | D:9      | Killed Erolcha
  7166 | D:9      | Found an ancient bone altar of Kikubaaqudgha.
  7315 | D:9      | 7315 ||| PLANNING LAIR
  7315 | D:9      | 7315 ||| UPGRADING to +0 pair of boots.
  7320 | D:9      | 7320 ||| READING scroll of enchant armour.
  7320 | D:9      | 7320 ||| ENCHANTING +0 pair of boots.
  7321 | D:9      | 7321 ||| DROPPING ring of positive energy.
  7322 | D:9      | 7322 ||| READING 3 scrolls of identify.
  7322 | D:9      | 7322 ||| IDENTIFYING fuming coppery potion
  7323 | D:9      | 7323 ||| READING 2 scrolls of identify.
  7323 | D:9      | 7323 ||| IDENTIFYING bubbling amethyst potion
  7324 | D:9      | 7324 ||| DROPPING potion of berserk rage.
  7364 | Lair:1   | Entered Level 1 of the Lair of Beasts
  7462 | Lair:1   | 7462 ||| INVOKING Heroism.
  7464 | Lair:1   | Reached skill level 6 in Invocations
  7482 | Lair:1   | 7482 ||| RETREATING.
  7488 | Lair:1   | 7488 ||| RETREATING.
  7494 | Lair:1   | 7494 ||| RETREATING.
  7500 | Lair:1   | 7500 ||| RETREATING.
  7501 | Lair:1   | 7501 ||| INVOKING Heroism.
  7503 | Lair:1   | 7503 ||| Stepping ~*~*~tactically~*~*~ (retreating).
  7506 | Lair:1   | Reached XP level 11. HP: 64/68 MP: 12/15
  7530 | Lair:1   | 7530 ||| INVOKING Heroism.
  7561 | Lair:1   | 7561 ||| RETREATING.
  7565 | Lair:1   | Received a gift from Okawaru
  7566 | Lair:1   | Reached skill level 13 in Ranged Weapons
  7567 | Lair:1   | 7567 ||| INVOKING Heroism.
  7692 | Lair:1   | 7692 ||| INVOKING Heroism.
  7898 | Lair:1   | Noticed a death yak
  7898 | Lair:1   | Noticed a death yak
  7899 | Lair:1   | 7899 ||| RETREATING.
  7899 | Lair:1   | Noticed a death yak
  7900 | Lair:1   | Noticed a death yak
  7904 | Lair:1   | 7904 ||| INVOKING Heroism.
  7905 | Lair:1   | Killed a death yak
  7906 | Lair:1   | Reached skill level 9 in Fighting
  7946 | Lair:1   | 7946 ||| INVOKING Heroism.
  8013 | Lair:1   | 8013 ||| INVOKING Heroism.
  8059 | Lair:1   | 8059 ||| RETREATING.
  8069 | Lair:1   | Noticed a death yak
  8069 | Lair:1   | Noticed a death yak
  8070 | Lair:1   | 8070 ||| RETREATING.
  8071 | Lair:1   | 8071 ||| INVOKING Heroism.
  8072 | Lair:1   | 8072 ||| Stepping ~*~*~tactically~*~*~ (retreating).
  8074 | Lair:1   | Killed a death yak
  8078 | Lair:1   | Killed a death yak
  8079 | Lair:1   | Reached skill level 9 in Invocations
  8081 | Lair:1   | Killed a death yak
  8081 | Lair:1   | Reached ***** piety under Okawaru
  8082 | Lair:1   | Reached skill level 6 in Dodging
  8082 | Lair:1   | 8082 ||| INVOKING Finesse.
  8084 | Lair:1   | Killed a death yak
  8088 | Lair:1   | Killed a death yak
  8089 | Lair:1   | Reached XP level 12. HP: 53/76 MP: 13/19
  8246 | Lair:1   | 8246 ||| INVOKING Heroism.
  8471 | Lair:1   | 8471 ||| DRINKING 3 yellow potions.
  8471 | Lair:1   | Gained mutation: You are occasionally teleported next to
                  | monsters. [potion of mutation]
  8471 | Lair:1   | Gained mutation: You have hidden genetic potential. [potion
                  | of mutation]
  8472 | Lair:1   | 8472 ||| DRINKING 2 potions of mutation.
  8472 | Lair:1   | Lost mutation: You are occasionally teleported next to
                  | monsters. [potion of mutation]
  8472 | Lair:1   | Lost mutation: You have hidden genetic potential. [potion
                  | of mutation]
  8472 | Lair:1   | Gained mutation: Your muscles are strong. (Str +4, Int/Dex
                  | -1) [potion of mutation]
  8489 | Lair:2   | Noticed a five-headed hydra
  8490 | Lair:2   | 8490 ||| INVOKING Heroism.
  8495 | Lair:2   | 8495 ||| RETREATING.
  8506 | Lair:2   | Killed a five-headed hydra
  8550 | Lair:2   | Found a staircase to the Snake Pit.
  8552 | Lair:2   | 8552 ||| Stepping ~*~*~tactically~*~*~ (outnumbered).
  8559 | Lair:2   | Reached skill level 14 in Ranged Weapons
  8581 | Lair:2   | 8581 ||| DROPPING ring of flight.
  8597 | Lair:2   | 8597 ||| Stepping ~*~*~tactically~*~*~ (retreating).
  8599 | Lair:2   | 8599 ||| Stepping ~*~*~tactically~*~*~ (retreating).
  8600 | Lair:2   | 8600 ||| Stepping ~*~*~tactically~*~*~ (retreating).
  8601 | Lair:2   | 8601 ||| Stepping ~*~*~tactically~*~*~ (retreating).
  8602 | Lair:2   | 8602 ||| Stepping ~*~*~tactically~*~*~ (retreating).
  8603 | Lair:2   | 8603 ||| Stepping ~*~*~tactically~*~*~ (retreating).
  8604 | Lair:2   | 8604 ||| Stepping ~*~*~tactically~*~*~ (retreating).
  8605 | Lair:2   | 8605 ||| Stepping ~*~*~tactically~*~*~ (retreating).
  8609 | Lair:2   | Reached skill level 3 in Armour
  8765 | Lair:2   | 8765 ||| INVOKING Heroism.
  8772 | Lair:2   | Identified the +2 ring mail of Inquiry {rElec} (Okawaru
                  | gifted it to you on level 2 of the Lair of Beasts)
  8772 | Lair:2   | Received a gift from Okawaru
  8977 | Lair:2   | Found a snail-covered altar of Cheibriados.
  9014 | Lair:2   | Noticed Gastronok
  9015 | Lair:2   | 9015 ||| INVOKING Heroism.
  9026 | Lair:2   | 9026 ||| DROPPING +2 ring mail of Inquiry {rElec}.
  9036 | Lair:2   | 9036 ||| INVOKING Heroism.
  9038 | Lair:2   | Killed Gastronok
  9400 | Lair:2   | 9400 ||| DROPPING +6 ring of strength.
  9421 | Lair:3   | Noticed qw's ghost (journeyman GrHu)
  9421 | Lair:3   | Found a runed translucent door.
  9422 | Lair:3   | 9422 ||| INVOKING Heroism.
  9423 | Lair:3   | 9423 ||| STAIRDANCE
  9436 | Lair:3   | 9436 ||| STAIRDANCE
  9467 | Lair:3   | 9467 ||| INVOKING Heroism.
  9501 | Lair:3   | Noticed a death yak
  9503 | Lair:3   | Noticed a death yak
  9504 | Lair:3   | 9504 ||| RETREATING.
  9510 | Lair:3   | 9510 ||| INVOKING Heroism.
  9515 | Lair:3   | Killed a death yak
  9516 | Lair:3   | Noticed a death yak
  9521 | Lair:3   | Killed a death yak
  9522 | Lair:3   | Reached skill level 15 in Ranged Weapons
  9523 | Lair:3   | Killed a death yak
  9581 | Lair:3   | 9581 ||| INVOKING Heroism.
  9614 | Lair:3   | 9614 ||| Stepping ~*~*~tactically~*~*~ (outnumbered).
  9655 | Lair:3   | Found a staircase to the Shoals.
  9672 | Lair:3   | 9672 ||| INVOKING Heroism.
  9699 | Lair:3   | 9699 ||| RETREATING.
  9706 | Lair:3   | 9706 ||| FLEEEEING.
  9709 | Lair:3   | 9709 ||| FLEEEEING.
  9710 | Lair:3   | 9710 ||| RETREATING.
  9711 | Lair:3   | 9711 ||| FLEEEEING.
  9712 | Lair:3   | 9712 ||| Stepping ~*~*~tactically~*~*~ (retreating).
  9713 | Lair:3   | 9713 ||| RETREATING.
  9714 | Lair:3   | 9714 ||| Stepping ~*~*~tactically~*~*~ (retreating).
  9715 | Lair:3   | 9715 ||| INVOKING Heroism.
  9725 | Lair:3   | Reached XP level 13. HP: 72/82 MP: 20/20
  9740 | Lair:3   | 9740 ||| INVOKING Heroism.
  9748 | Lair:3   | Reached skill level 16 in Ranged Weapons
  9878 | Lair:3   | 9878 ||| RETREATING.
 10029 | Lair:3   | 10029 ||| INVOKING Heroism.
 10050 | Lair:3   | 10050 ||| INVOKING Heroism.
 10179 | Lair:3   | 10179 ||| INVOKING Heroism.
 10287 | Lair:3   | 10287 ||| DRINKING 2 golden potions.
 10288 | Lair:3   | 10288 ||| READING 3 scrolls of identify.
 10288 | Lair:3   | 10288 ||| IDENTIFYING glowing black potion
 10305 | Lair:4   | 10305 ||| INVOKING Heroism.
 10327 | Lair:4   | 10327 ||| RETREATING.
 10453 | Lair:4   | 10453 ||| RETREATING.
 10570 | Lair:4   | Identified the +8 great sword of Purpose {flame, Int+3
                  | Stlth+}
 10623 | Lair:4   | 10623 ||| RETREATING.
 10626 | Lair:4   | 10626 ||| INVOKING Heroism.
 10631 | Lair:4   | 10631 ||| Stepping ~*~*~tactically~*~*~ (retreating).
 10632 | Lair:4   | 10632 ||| Stepping ~*~*~tactically~*~*~ (retreating).
 10633 | Lair:4   | 10633 ||| Stepping ~*~*~tactically~*~*~ (retreating).
 10634 | Lair:4   | 10634 ||| Stepping ~*~*~tactically~*~*~ (retreating).
 10635 | Lair:4   | 10635 ||| Stepping ~*~*~tactically~*~*~ (retreating).
 10636 | Lair:4   | 10636 ||| Stepping ~*~*~tactically~*~*~ (retreating).
 10637 | Lair:4   | 10637 ||| Stepping ~*~*~tactically~*~*~ (retreating).
 10638 | Lair:4   | 10638 ||| Stepping ~*~*~tactically~*~*~ (retreating).
 10639 | Lair:4   | 10639 ||| Stepping ~*~*~tactically~*~*~ (retreating).
 10641 | Lair:4   | 10641 ||| Stepping ~*~*~tactically~*~*~ (retreating).
 10652 | Lair:4   | 10652 ||| INVOKING Heroism.
 10699 | Lair:4   | 10699 ||| INVOKING Heroism.
 10898 | Lair:4   | 10898 ||| INVOKING Heroism.
 10930 | Lair:4   | Reached skill level 17 in Ranged Weapons
 11213 | Lair:4   | 11213 ||| READING 3 scrolls labelled BEARAGH ZAERU.
 11214 | Lair:4   | 11214 ||| DROPPING 2 scrolls of noise.
 11247 | Lair:5   | Entered Level 5 of the Lair of Beasts
 11252 | Lair:5   | 11252 ||| STAIRDANCE
 11256 | Lair:4   | 11256 ||| INVOKING Heroism.
 11290 | Lair:5   | 11290 ||| STAIRDANCE
 11292 | Lair:4   | 11292 ||| Stepping ~*~*~tactically~*~*~ (retreating).
 11293 | Lair:4   | 11293 ||| Stepping ~*~*~tactically~*~*~ (retreating).
 11294 | Lair:4   | 11294 ||| Stepping ~*~*~tactically~*~*~ (retreating).
 11295 | Lair:4   | 11295 ||| Stepping ~*~*~tactically~*~*~ (retreating).
 11301 | Lair:4   | 11301 ||| Stepping ~*~*~tactically~*~*~ (retreating).
 11351 | Lair:5   | Identified the +0 ring mail "Dahimot" {rElec Int+3 Dex-3}
 11387 | Lair:5   | 11387 ||| RETREATING.
 11416 | Lair:5   | Found a viscous altar of Jiyva.
 11417 | Lair:5   | 11417 ||| INVOKING Heroism.
 11418 | Lair:5   | 11418 ||| INVOKING Finesse.
 11424 | Lair:5   | Gained mutation: Your large and strong wings let you fly.
                  | [Gargoyle growth]
 11424 | Lair:5   | Reached XP level 14. HP: 90/90 MP: 14/21
 11465 | Lair:5   | Found a staircase to the Slime Pits.
 11467 | Lair:5   | 11467 ||| INVOKING Heroism.
 11468 | Lair:5   | 11468 ||| INVOKING Finesse.
 11636 | Lair:5   | 11636 ||| INVOKING Heroism.
 11646 | Lair:5   | 11646 ||| RETREATING.
 11671 | Lair:5   | 11671 ||| INVOKING Heroism.
 11676 | Lair:5   | Reached skill level 18 in Ranged Weapons
 11778 | Lair:5   | Received a gift from Okawaru
 11969 | Lair:5   | Noticed a dire elephant
 11970 | Lair:5   | Noticed a dire elephant
 11987 | Lair:5   | 11987 ||| DROPPING +0 ring mail "Dahimot" {rElec Int+3
                  | Dex-3}.
 11997 | Lair:5   | Reached skill level 12 in Fighting
 12005 | Lair:5   | Noticed a dire elephant
 12006 | Lair:5   | 12006 ||| INVOKING Heroism.
 12008 | Lair:5   | Killed a dire elephant
 12008 | Lair:5   | Identified the +2 pair of boots "Zaceur" {*Corrode rC+++}
                  | (Okawaru gifted it to you on level 5 of the Lair of Beasts)
 12008 | Lair:5   | Received a gift from Okawaru
 12031 | Lair:5   | 12031 ||| INVOKING Finesse.
 12093 | Lair:5   | 12093 ||| RETREATING.
 12138 | Lair:5   | Reached skill level 9 in Dodging
 12197 | Lair:5   | 12197 ||| UPGRADING to +2 pair of boots "Zaceur" {*Corrode
                  | rC+++}.
 12209 | Lair:5   | Noticed a dire elephant
 12210 | Lair:5   | 12210 ||| INVOKING Heroism.
 12214 | Lair:5   | Killed a dire elephant
 12266 | Lair:5   | 12266 ||| INVOKING Heroism.
 12274 | Lair:5   | 12274 ||| Stepping ~*~*~tactically~*~*~ (retreating).
 12277 | Lair:5   | Killed a dire elephant
 12282 | Lair:5   | Killed a dire elephant
 12364 | Lair:5   | 12364 ||| INVOKING Heroism.
 12485 | Lair:5   | 12485 ||| PLANNING D:1-11
 12485 | Lair:5   | 12485 ||| UPGRADING to ring of fire.
 12487 | Lair:5   | 12487 ||| READING 5 scrolls of identify.
 12487 | Lair:5   | 12487 ||| IDENTIFYING murky clear potion
 12488 | Lair:5   | 12488 ||| DROPPING potion of ambrosia.
 12586 | D:10     | Entered Level 10 of the Dungeon
 12682 | D:10     | 12682 ||| Stepping ~*~*~tactically~*~*~ (retreating).
 12756 | D:10     | Found a stormy altar of Qazlal.
 12776 | D:10     | Found Cuppourism's Book Emporium.
 12845 | D:10     | Found a basalt altar of Yredelemnul.
 12866 | D:10     | Identified the +0 plate armour "Eduysog" {rElec rF+ Str-5}
                  | (Okawaru gifted it to you on level 10 of the Dungeon)
 12866 | D:10     | Received a gift from Okawaru
 12882 | D:10     | Reached XP level 15. HP: 100/100 MP: 22/22
 13302 | D:11     | 13302 ||| STAIRDANCE
 13308 | D:11     | 13308 ||| STAIRDANCE
 13320 | D:11     | 13320 ||| STAIRDANCE
 13385 | D:11     | Found a frozen archway.
 13608 | D:11     | 13608 ||| INVOKING Heroism.
 13924 | D:11     | 13924 ||| READING scroll of acquirement.
 13924 | D:11     | 13924 ||| ACQUIRING +10 triple crossbow of Qazlal's Favour
                  | {flame, Int+3}
 13924 | D:11     | Acquired the +10 triple crossbow of Qazlal's Favour {flame,
                  | Int+3}
 13926 | D:11     | 13926 ||| SWAPPING to +10 triple crossbow of Qazlal's
                  | Favour {flame, Int+3}.
 13927 | D:11     | 13927 ||| DROPPING +9 heavy arbalest.
 13986 | D:11     | 13986 ||| PLANNING D
 14278 | D:12     | 14278 ||| Stepping ~*~*~tactically~*~*~ (outnumbered).
 14722 | D:12     | Found a staircase to the Orcish Mines.
 14781 | D:13     | 14781 ||| INVOKING Heroism.
 14899 | D:13     | Noticed Rupert
 14900 | D:13     | 14900 ||| INVOKING Heroism.
 14901 | D:13     | 14901 ||| INVOKING Finesse.
 14904 | D:13     | Killed Rupert
 15095 | D:13     | 15095 ||| Stepping ~*~*~tactically~*~*~ (outnumbered).
 15097 | D:13     | 15097 ||| Stepping ~*~*~tactically~*~*~ (outnumbered).
 15099 | D:13     | 15099 ||| Stepping ~*~*~tactically~*~*~ (outnumbered).
 15101 | D:13     | 15101 ||| Stepping ~*~*~tactically~*~*~ (outnumbered).
 15103 | D:13     | 15103 ||| Stepping ~*~*~tactically~*~*~ (outnumbered).
 15532 | D:13     | Found Eskez's Book Emporium.
 15592 | D:13     | 15592 ||| DROPPING +1 helmet.
 15593 | D:13     | 15593 ||| DROPPING +2 hat.
 15594 | D:13     | 15594 ||| DROPPING ring of ice.
 15595 | D:13     | 15595 ||| UPGRADING to +4 ring of protection.
 15597 | D:13     | 15597 ||| DROPPING ring "Ziataor" {Str+6 Stlth+}.
 15622 | D:14     | Reached skill level 19 in Ranged Weapons
 15773 | D:14     | 15773 ||| RETREATING.
 15781 | D:14     | 15781 ||| Stepping ~*~*~tactically~*~*~ (retreating).
 15782 | D:14     | 15782 ||| Stepping ~*~*~tactically~*~*~ (retreating).
 15788 | D:14     | 15788 ||| Stepping ~*~*~tactically~*~*~ (retreating).
 15789 | D:14     | 15789 ||| Stepping ~*~*~tactically~*~*~ (retreating).
 15790 | D:14     | 15790 ||| Stepping ~*~*~tactically~*~*~ (retreating).
 15791 | D:14     | 15791 ||| Stepping ~*~*~tactically~*~*~ (retreating).
 15806 | D:14     | Received a gift from Okawaru
 15952 | D:14     | 15952 ||| INVOKING Heroism.
 15954 | D:14     | 15954 ||| Stepping ~*~*~tactically~*~*~ (retreating).
 15955 | D:14     | 15955 ||| Stepping ~*~*~tactically~*~*~ (retreating).
 15956 | D:14     | 15956 ||| Stepping ~*~*~tactically~*~*~ (retreating).
 15957 | D:14     | 15957 ||| Stepping ~*~*~tactically~*~*~ (retreating).
 15958 | D:14     | 15958 ||| Stepping ~*~*~tactically~*~*~ (retreating).
 15959 | D:14     | 15959 ||| Stepping ~*~*~tactically~*~*~ (retreating).
 15960 | D:14     | 15960 ||| Stepping ~*~*~tactically~*~*~ (retreating).
 15961 | D:14     | 15961 ||| Stepping ~*~*~tactically~*~*~ (retreating).
 15961 | D:14     | HP: 25/100 [meliai/+0 hand axe (10)]
 15962 | D:14     | 15962 ||| READING 11 scrolls of teleportation.
 15963 | D:14     | 15963 ||| DRINKING 5 potions of heal wounds.
 15964 | D:14     | 15964 ||| Stepping ~*~*~tactically~*~*~ (retreating).
 15965 | D:14     | 15965 ||| Stepping ~*~*~tactically~*~*~ (retreating).
 15966 | D:14     | 15966 ||| DRINKING 4 potions of heal wounds.
 16058 | D:14     | 16058 ||| RETREATING.
 16068 | D:14     | 16068 ||| INVOKING Heroism.
 16069 | D:14     | 16069 ||| READING 10 scrolls of teleportation.
 16070 | D:14     | HP: 18/100 [enormous slime creature (69)]
 16071 | D:14     | 16071 ||| DRINKING 3 potions of heal wounds.
 16176 | D:14     | Reached skill level 20 in Ranged Weapons
 16177 | D:14     | Found a gate to the Vaults.
 16178 | D:14     | 16178 ||| INVOKING Heroism.
 16218 | D:14     | Reached XP level 16. HP: 106/106 MP: 23/23
 16332 | D:14     | 16332 ||| DROPPING amulet of magic regeneration.
 16345 | D:15     | Entered Level 15 of the Dungeon
 16346 | D:15     | 16346 ||| PLANNING GAUNTLET
 16346 | D:15     | Received a gift from Okawaru
 16365 | D:15     | 16365 ||| RETREATING.
 16422 | D:15     | Received a gift from Okawaru
 16501 | D:15     | 16501 ||| INVOKING Heroism.
 16504 | D:15     | 16504 ||| Stepping ~*~*~tactically~*~*~ (outnumbered).
 16595 | D:15     | 16595 ||| RETREATING.
 16665 | D:15     | Noticed Kirke
 16666 | D:15     | 16666 ||| INVOKING Heroism.
 16667 | D:15     | 16667 ||| INVOKING Finesse.
 16672 | D:15     | Killed Kirke
 16743 | D:15     | 16743 ||| RIP GAUNTLET
 16750 | D:15     | 16750 ||| PLANNING D
 16760 | D:15     | Noticed Louise
 16761 | D:15     | 16761 ||| INVOKING Heroism.
 16762 | D:15     | 16762 ||| INVOKING Finesse.
 16767 | D:15     | Killed Louise
 17098 | D:15     | Noticed Jorgrun
 17099 | D:15     | 17099 ||| INVOKING Heroism.
 17100 | D:15     | 17100 ||| INVOKING Finesse.
 17103 | D:15     | Killed Jorgrun
 17104 | D:15     | Reached skill level 21 in Ranged Weapons
 17164 | D:15     | 17164 ||| Stepping ~*~*~tactically~*~*~ (retreating).
 17172 | D:15     | 17172 ||| INVOKING Heroism.
 17190 | D:15     | Found a staircase to the Depths.
 17308 | D:15     | 17308 ||| PLANNING ORC
 17308 | D:15     | 17308 ||| UPGRADING to +0 pair of gloves of dexterity.
 17313 | D:15     | 17313 ||| READING 4 scrolls of enchant armour.
 17313 | D:15     | 17313 ||| ENCHANTING +0 pair of gloves of dexterity.
 17314 | D:15     | 17314 ||| READING 3 scrolls of enchant armour.
 17314 | D:15     | 17314 ||| ENCHANTING +1 pair of gloves of dexterity.
 17341 | D:14     | 17341 ||| INVOKING Heroism.
 17415 | Orc:1    | Entered Level 1 of the Orcish Mines
 17415 | Orc:1    | Noticed Erica
 17416 | Orc:1    | 17416 ||| INVOKING Heroism.
 17417 | Orc:1    | 17417 ||| Stepping ~*~*~tactically~*~*~ (outnumbered).
 17418 | Orc:1    | 17418 ||| Stepping ~*~*~tactically~*~*~ (outnumbered).
 17421 | Orc:1    | Noticed Josephine
 17422 | Orc:1    | 17422 ||| Stepping ~*~*~tactically~*~*~ (retreating).
 17427 | Orc:1    | Killed Erica
 17428 | Orc:1    | 17428 ||| Stepping ~*~*~tactically~*~*~ (outnumbered).
 17431 | Orc:1    | Killed Josephine
 17461 | Orc:1    | Reached skill level 6 in Armour
 17485 | Orc:1    | Noticed Nergalle
 17491 | Orc:1    | Killed Nergalle
 17662 | Orc:2    | Entered Level 2 of the Orcish Mines
 17662 | Orc:2    | Found a staircase to the Elven Halls.
 17663 | Orc:2    | 17663 ||| STAIRDANCE
 17769 | Orc:2    | 17769 ||| STAIRDANCE
 17784 | Orc:2    | 17784 ||| STAIRDANCE
 17831 | Orc:1    | 17831 ||| INVOKING Heroism.
 17917 | Orc:2    | 17917 ||| INVOKING Heroism.
 18217 | Orc:2    | 18217 ||| Stepping ~*~*~tactically~*~*~ (outnumbered).
 18218 | Orc:2    | 18218 ||| Stepping ~*~*~tactically~*~*~ (outnumbered).
 18229 | Orc:2    | 18229 ||| Stepping ~*~*~tactically~*~*~ (outnumbered).
 18231 | Orc:2    | 18231 ||| Stepping ~*~*~tactically~*~*~ (outnumbered).
 18232 | Orc:2    | 18232 ||| Stepping ~*~*~tactically~*~*~ (outnumbered).
 18233 | Orc:2    | 18233 ||| Stepping ~*~*~tactically~*~*~ (outnumbered).
 18236 | Orc:2    | 18236 ||| Stepping ~*~*~tactically~*~*~ (outnumbered).
 18238 | Orc:2    | 18238 ||| Stepping ~*~*~tactically~*~*~ (outnumbered).
 18240 | Orc:2    | 18240 ||| Stepping ~*~*~tactically~*~*~ (outnumbered).
 18241 | Orc:2    | 18241 ||| Stepping ~*~*~tactically~*~*~ (outnumbered).
 18248 | Orc:2    | 18248 ||| INVOKING Heroism.
 18265 | Orc:2    | 18265 ||| Stepping ~*~*~tactically~*~*~ (outnumbered).
 18266 | Orc:2    | 18266 ||| Stepping ~*~*~tactically~*~*~ (outnumbered).
 18269 | Orc:2    | 18269 ||| Stepping ~*~*~tactically~*~*~ (outnumbered).
 18270 | Orc:2    | 18270 ||| Stepping ~*~*~tactically~*~*~ (outnumbered).
 18289 | Orc:2    | 18289 ||| Stepping ~*~*~tactically~*~*~ (outnumbered).
 18291 | Orc:2    | 18291 ||| Stepping ~*~*~tactically~*~*~ (outnumbered).
 18301 | Orc:2    | 18301 ||| Stepping ~*~*~tactically~*~*~ (outnumbered).
 18340 | Orc:2    | Found Meloipso's Jewellery Shop.
 18341 | Orc:2    | Found Kieto's Jewellery Shoppe.
 18341 | Orc:2    | Found Xosmuorgh's Distillery.
 18345 | Orc:2    | Found Jehi's Armour Emporium.
 18349 | Orc:2    | 18349 ||| BUYING +5 ring of evasion (504 gold).
 18349 | Orc:2    | Bought a +5 ring of evasion for 504 gold pieces
 18349 | Orc:2    | 18349 ||| BUYING +6 ring of dexterity (504 gold).
 18349 | Orc:2    | Bought a +6 ring of dexterity for 504 gold pieces
 18350 | Orc:2    | 18350 ||| BUYING 2 potions of enlightenment (140 gold).
 18350 | Orc:2    | Bought 2 potions of enlightenment for 140 gold pieces
 18350 | Orc:2    | 18350 ||| BUYING potion of curing (42 gold).
 18350 | Orc:2    | Bought a potion of curing for 42 gold pieces
 18350 | Orc:2    | 18350 ||| BUYING potion of heal wounds (70 gold).
 18350 | Orc:2    | Bought a potion of heal wounds for 70 gold pieces
 18350 | Orc:2    | 18350 ||| BUYING potion of might (56 gold).
 18350 | Orc:2    | Bought a potion of might for 56 gold pieces
 18350 | Orc:2    | 18350 ||| BUYING potion of mutation (112 gold).
 18350 | Orc:2    | Bought a potion of mutation for 112 gold pieces
 18350 | Orc:2    | 18350 ||| BUYING potion of resistance (140 gold).
 18350 | Orc:2    | Bought a potion of resistance for 140 gold pieces
 18416 | Orc:2    | 18416 ||| PLANNING SNAKE:1-3
 18416 | Orc:2    | 18416 ||| UPGRADING to +5 ring of evasion.
 18418 | Orc:2    | 18418 ||| UPGRADING to +6 ring of dexterity.
 18420 | Orc:2    | 18420 ||| DROPPING +4 ring of protection.
 18421 | Orc:2    | 18421 ||| DROPPING ring of fire.
 18422 | Orc:2    | 18422 ||| DROPPING +5 ring of evasion.
 18424 | Orc:2    | 18424 ||| INVOKING Heroism.
 18613 | Snake:1  | Entered Level 1 of the Snake Pit
 18648 | Snake:1  | 18648 ||| RETREATING.
 18653 | Snake:1  | 18653 ||| Stepping ~*~*~tactically~*~*~ (retreating).
 18713 | Snake:1  | 18713 ||| RETREATING.
 18721 | Snake:1  | 18721 ||| INVOKING Heroism.
 18723 | Snake:1  | 18723 ||| Stepping ~*~*~tactically~*~*~ (retreating).
 18724 | Snake:1  | 18724 ||| Stepping ~*~*~tactically~*~*~ (retreating).
 18725 | Snake:1  | 18725 ||| Stepping ~*~*~tactically~*~*~ (retreating).
 18726 | Snake:1  | 18726 ||| Stepping ~*~*~tactically~*~*~ (retreating).
 18733 | Snake:1  | 18733 ||| INVOKING Heroism.
 19020 | Snake:1  | Reached skill level 12 in Dodging
 19045 | Snake:1  | Reached XP level 17. HP: 112/112 MP: 24/24
 19048 | Snake:1  | 19048 ||| Stepping ~*~*~tactically~*~*~ (outnumbered).
 19051 | Snake:1  | 19051 ||| Stepping ~*~*~tactically~*~*~ (outnumbered).
 19460 | Snake:1  | 19460 ||| Stepping ~*~*~tactically~*~*~ (outnumbered).
 19463 | Snake:1  | 19463 ||| INVOKING Heroism.
 19464 | Snake:1  | 19464 ||| Stepping ~*~*~tactically~*~*~ (outnumbered).
 19469 | Snake:1  | 19469 ||| RETREATING.
 19471 | Snake:1  | 19471 ||| Stepping ~*~*~tactically~*~*~ (outnumbered).
 19477 | Snake:1  | 19477 ||| RETREATING.
 19484 | Snake:1  | Reached skill level 15 in Fighting
 19530 | Snake:1  | Noticed Agnes
 19531 | Snake:1  | 19531 ||| INVOKING Heroism.
 19536 | Snake:1  | Killed Agnes
 19753 | Snake:2  | 19753 ||| STAIRDANCE
 19757 | Snake:2  | 19757 ||| STAIRDANCE
 19759 | Snake:1  | 19759 ||| Stepping ~*~*~tactically~*~*~ (retreating).
 19760 | Snake:1  | 19760 ||| Stepping ~*~*~tactically~*~*~ (retreating).
 19761 | Snake:1  | 19761 ||| Stepping ~*~*~tactically~*~*~ (retreating).
 19864 | Snake:2  | 19864 ||| INVOKING Heroism.
 19985 | Snake:2  | Identified the +9 flail of Judgement {holy, *Rage *Slow
                  | rF+++ Str+6}
 20047 | Snake:2  | Found Obloiss's Distillery.
 20064 | Snake:2  | 20064 ||| BUYING potion of magic (96 gold).
 20064 | Snake:2  | Bought a potion of magic for 96 gold pieces
 20064 | Snake:2  | 20064 ||| BUYING potion of might (48 gold).
 20064 | Snake:2  | Bought a potion of might for 48 gold pieces
 20064 | Snake:2  | 20064 ||| BUYING potion of might (48 gold).
 20064 | Snake:2  | Bought a potion of might for 48 gold pieces
 20064 | Snake:2  | 20064 ||| BUYING potion of might (48 gold).
 20064 | Snake:2  | Bought a potion of might for 48 gold pieces
 20086 | Snake:2  | Received a gift from Okawaru
 20099 | Snake:2  | 20099 ||| Stepping ~*~*~tactically~*~*~ (outnumbered).
 20100 | Snake:2  | 20100 ||| Stepping ~*~*~tactically~*~*~ (outnumbered).
 20145 | Snake:2  | Found Kutog's Weapon Shop.
 20195 | Snake:2  | Found Okurohas's Distillery.
 20200 | Snake:2  | Found Acaamu Pimex's Magic Scroll Boutique.
 20206 | Snake:2  | 20206 ||| BUYING 2 potions of curing (90 gold).
 20206 | Snake:2  | Bought 2 potions of curing for 90 gold pieces
 20206 | Snake:2  | 20206 ||| BUYING potion of curing (45 gold).
 20206 | Snake:2  | Bought a potion of curing for 45 gold pieces
 20206 | Snake:2  | 20206 ||| BUYING potion of curing (45 gold).
 20206 | Snake:2  | Bought a potion of curing for 45 gold pieces
 20206 | Snake:2  | 20206 ||| BUYING potion of curing (45 gold).
 20206 | Snake:2  | Bought a potion of curing for 45 gold pieces
 20206 | Snake:2  | 20206 ||| BUYING potion of haste (150 gold).
 20206 | Snake:2  | Bought a potion of haste for 150 gold pieces
 20206 | Snake:2  | 20206 ||| BUYING potion of might (60 gold).
 20206 | Snake:2  | Bought a potion of might for 60 gold pieces
 20206 | Snake:2  | 20206 ||| SHOPLISTING potion of might (60 gold, have 56).
 20208 | Snake:2  | 20208 ||| SHOPLISTING scroll of enchant armour (135 gold,
                  | have 56).
 20208 | Snake:2  | 20208 ||| SHOPLISTING scroll of enchant weapon (135 gold,
                  | have 56).
 20208 | Snake:2  | 20208 ||| BUYING scroll of teleportation (54 gold).
 20208 | Snake:2  | Bought a scroll of teleportation for 54 gold pieces
 20428 | Snake:3  | Noticed qw's ghost (adept GrHu)
 20470 | Snake:3  | 20470 ||| RETREATING.
 20489 | Snake:3  | 20489 ||| Stepping ~*~*~tactically~*~*~ (retreating).
 20491 | Snake:3  | 20491 ||| Stepping ~*~*~tactically~*~*~ (retreating).
 20494 | Snake:3  | 20494 ||| Stepping ~*~*~tactically~*~*~ (retreating).
 20497 | Snake:3  | 20497 ||| Stepping ~*~*~tactically~*~*~ (outnumbered).
 20502 | Snake:3  | Reached skill level 22 in Ranged Weapons
 20502 | Snake:3  | Identified the +1 orcbow of Responsibility {antimagic,
                  | +Blink rC- rN+ rCorr} (Okawaru gifted it to you on level 3
                  | of the Snake Pit)
 20502 | Snake:3  | Received a gift from Okawaru
 20548 | Snake:3  | 20548 ||| Stepping ~*~*~tactically~*~*~ (outnumbered).
 20551 | Snake:3  | 20551 ||| Stepping ~*~*~tactically~*~*~ (outnumbered).
 20553 | Snake:3  | 20553 ||| Stepping ~*~*~tactically~*~*~ (outnumbered).
 20555 | Snake:3  | 20555 ||| Stepping ~*~*~tactically~*~*~ (outnumbered).
 20558 | Snake:3  | 20558 ||| Stepping ~*~*~tactically~*~*~ (outnumbered).
 20559 | Snake:3  | 20559 ||| Stepping ~*~*~tactically~*~*~ (outnumbered).
 20560 | Snake:3  | 20560 ||| Stepping ~*~*~tactically~*~*~ (outnumbered).
 20681 | Snake:3  | Noticed Roxanne
 20682 | Snake:3  | 20682 ||| INVOKING Heroism.
 20683 | Snake:3  | 20683 ||| INVOKING Finesse.
 20691 | Snake:3  | Killed Roxanne
 20780 | Snake:3  | 20780 ||| RETREATING.
 20782 | Snake:3  | 20782 ||| Stepping ~*~*~tactically~*~*~ (outnumbered).
 20785 | Snake:3  | 20785 ||| Stepping ~*~*~tactically~*~*~ (outnumbered).
 20793 | Snake:3  | 20793 ||| INVOKING Heroism.
 20900 | Snake:3  | Found a runed translucent gate.
 20900 | Snake:3  | Found a runed translucent gate.
 20902 | Snake:3  | Found a runed translucent gate.
 21018 | Snake:3  | 21018 ||| RETREATING.
 21325 | Snake:3  | 21325 ||| PLANNING SHOALS:1-3
 21325 | Snake:3  | 21325 ||| DROPPING ring of magical power.
 21472 | Shoals:1 | Entered Level 1 of the Shoals
 21482 | Shoals:1 | 21482 ||| INVOKING Heroism.
 21514 | Shoals:1 | 21514 ||| INVOKING Finesse.
 21596 | Shoals:1 | 21596 ||| INVOKING Heroism.
 21597 | Shoals:1 | 21597 ||| INVOKING Finesse.
 21644 | Shoals:1 | Noticed a kraken
 21649 | Shoals:1 | 21649 ||| INVOKING Heroism.
 21656 | Shoals:1 | HP: 27/113 [tentacle[a kraken] (13)]
 21657 | Shoals:1 | 21657 ||| READING 11 scrolls of teleportation.
 21658 | Shoals:1 | 21658 ||| DRINKING 3 potions of heal wounds.
 21770 | Shoals:1 | Received a gift from Okawaru
 21780 | Shoals:1 | 21780 ||| INVOKING Heroism.
 21841 | Shoals:1 | 21841 ||| Stepping ~*~*~tactically~*~*~ (outnumbered).
 21977 | Shoals:1 | 21977 ||| INVOKING Heroism.
 22016 | Shoals:1 | Killed a kraken
 22085 | Shoals:1 | 22085 ||| INVOKING Heroism.
 22090 | Shoals:1 | Reached XP level 18. HP: 120/120 MP: 23/25
 22312 | Shoals:2 | 22312 ||| PLANNING BAZAAR
 22345 | Shoals:2 | 22345 ||| RETREATING.
 22620 | Shoals:2 | 22620 ||| INVOKING Heroism.
 22802 | Shoals:2 | Noticed Donald
 22803 | Shoals:2 | 22803 ||| INVOKING Heroism.
 22807 | Shoals:2 | Killed Donald
 23045 | Shoals:2 | 23045 ||| INVOKING Heroism.
 23268 | Shoals:2 | 23268 ||| RIP BAZAAR
 23269 | Shoals:2 | 23269 ||| PLANNING SHOALS:1-3
 23301 | Shoals:3 | 23301 ||| INVOKING Heroism.
 23375 | Shoals:3 | 23375 ||| INVOKING Heroism.
 23419 | Shoals:3 | 23419 ||| INVOKING Heroism.
 23574 | Shoals:3 | 23574 ||| INVOKING Heroism.
 23615 | Shoals:3 | 23615 ||| INVOKING Heroism.
 23618 | Shoals:3 | 23618 ||| Stepping ~*~*~tactically~*~*~ (outnumbered).
 23731 | Shoals:3 | 23731 ||| INVOKING Heroism.
 24028 | Shoals:3 | 24028 ||| PLANNING SNAKE:4
 24224 | Snake:4  | Entered Level 4 of the Snake Pit
 24228 | Snake:4  | 24228 ||| RETREATING.
 24238 | Snake:4  | 24238 ||| Stepping ~*~*~tactically~*~*~ (retreating).
 24292 | Snake:4  | Noticed Aizul
 24293 | Snake:4  | 24293 ||| INVOKING Heroism.
 24300 | Snake:4  | Killed Aizul
 24316 | Snake:4  | 24316 ||| Stepping ~*~*~tactically~*~*~ (outnumbered).
 24382 | Snake:4  | 24382 ||| RETREATING.
 24389 | Snake:4  | 24389 ||| Stepping ~*~*~tactically~*~*~ (outnumbered).
 24391 | Snake:4  | 24391 ||| RETREATING.
 24394 | Snake:4  | 24394 ||| RETREATING.
 24396 | Snake:4  | 24396 ||| RETREATING.
 24405 | Snake:4  | 24405 ||| Stepping ~*~*~tactically~*~*~ (outnumbered).
 24406 | Snake:4  | 24406 ||| Stepping ~*~*~tactically~*~*~ (retreating).
 24412 | Snake:4  | 24412 ||| Stepping ~*~*~tactically~*~*~ (outnumbered).
 24413 | Snake:4  | 24413 ||| Stepping ~*~*~tactically~*~*~ (outnumbered).
 24465 | Snake:4  | 24465 ||| Stepping ~*~*~tactically~*~*~ (outnumbered).
 24466 | Snake:4  | 24466 ||| INVOKING Heroism.
 24467 | Snake:4  | 24467 ||| Stepping ~*~*~tactically~*~*~ (outnumbered).
 24639 | Snake:4  | 24639 ||| Stepping ~*~*~tactically~*~*~ (outnumbered).
 24641 | Snake:4  | 24641 ||| Stepping ~*~*~tactically~*~*~ (outnumbered).
 24646 | Snake:4  | 24646 ||| Stepping ~*~*~tactically~*~*~ (outnumbered).
 24666 | Snake:4  | 24666 ||| Stepping ~*~*~tactically~*~*~ (outnumbered).
 24668 | Snake:4  | 24668 ||| Stepping ~*~*~tactically~*~*~ (outnumbered).
 24670 | Snake:4  | 24670 ||| Stepping ~*~*~tactically~*~*~ (outnumbered).
 24672 | Snake:4  | 24672 ||| Stepping ~*~*~tactically~*~*~ (outnumbered).
 24674 | Snake:4  | 24674 ||| Stepping ~*~*~tactically~*~*~ (outnumbered).
 24676 | Snake:4  | 24676 ||| Stepping ~*~*~tactically~*~*~ (outnumbered).
 24678 | Snake:4  | 24678 ||| Stepping ~*~*~tactically~*~*~ (outnumbered).
 24682 | Snake:4  | 24682 ||| Stepping ~*~*~tactically~*~*~ (outnumbered).
 24692 | Snake:4  | 24692 ||| INVOKING Heroism.
 24694 | Snake:4  | 24694 ||| Stepping ~*~*~tactically~*~*~ (outnumbered).
 24695 | Snake:4  | 24695 ||| Stepping ~*~*~tactically~*~*~ (outnumbered).
 24703 | Snake:4  | 24703 ||| Stepping ~*~*~tactically~*~*~ (outnumbered).
 24742 | Snake:4  | 24742 ||| Stepping ~*~*~tactically~*~*~ (outnumbered).
 24744 | Snake:4  | 24744 ||| Stepping ~*~*~tactically~*~*~ (outnumbered).
 24746 | Snake:4  | 24746 ||| Stepping ~*~*~tactically~*~*~ (outnumbered).
 24749 | Snake:4  | 24749 ||| INVOKING Heroism.
 24793 | Snake:4  | 24793 ||| RETREATING.
 24796 | Snake:4  | 24796 ||| Stepping ~*~*~tactically~*~*~ (outnumbered).
 24797 | Snake:4  | 24797 ||| Stepping ~*~*~tactically~*~*~ (outnumbered).
 24803 | Snake:4  | 24803 ||| INVOKING Heroism.
 24975 | Snake:4  | 24975 ||| Stepping ~*~*~tactically~*~*~ (retreating).
 24976 | Snake:4  | 24976 ||| Stepping ~*~*~tactically~*~*~ (retreating).
 24977 | Snake:4  | 24977 ||| INVOKING Heroism.
 24983 | Snake:4  | Reached skill level 18 in Fighting
 24989 | Snake:4  | 24989 ||| Stepping ~*~*~tactically~*~*~ (retreating).
 25025 | Snake:4  | 25025 ||| Stepping ~*~*~tactically~*~*~ (retreating).
 25026 | Snake:4  | 25026 ||| Stepping ~*~*~tactically~*~*~ (outnumbered).
 25028 | Snake:4  | 25028 ||| Stepping ~*~*~tactically~*~*~ (outnumbered).
 25049 | Snake:4  | 25049 ||| INVOKING Heroism.
 25053 | Snake:4  | HP: 28/125 [shock serpent/bolt of electricity (8)]
 25054 | Snake:4  | 25054 ||| READING 12 scrolls of teleportation.
 25055 | Snake:4  | 25055 ||| DRINKING 3 potions of heal wounds.
 25056 | Snake:4  | 25056 ||| DRINKING 2 potions of heal wounds.
 25058 | Snake:4  | 25058 ||| RETREATING.
 25059 | Snake:4  | 25059 ||| Stepping ~*~*~tactically~*~*~ (outnumbered).
 25060 | Snake:4  | 25060 ||| Stepping ~*~*~tactically~*~*~ (outnumbered).
 25061 | Snake:4  | 25061 ||| Stepping ~*~*~tactically~*~*~ (outnumbered).
 25062 | Snake:4  | 25062 ||| Stepping ~*~*~tactically~*~*~ (retreating).
 25065 | Snake:4  | HP: 31/125 [constriction (5)]
 25066 | Snake:4  | Reached XP level 19. HP: 20/130 MP: 26/26
 25066 | Snake:4  | 25066 ||| READING 11 scrolls of teleportation.
 25066 | Snake:4  | HP: 9/130 [naga mage/+0 hand axe (13)]
 25066 | Snake:4  | Shot with an arrow by a naga sharpshooter

Levels and vault maps discovered:
D:1:      dpeg_arrival_stone_temple_mockup, layout_loops_ring, serial_rivers,
          chequers_serial_rivers_marsh, chequers_serial_rivers_micro_c,
          chequers_serial_rivers_micro_d, chequers_serial_rivers_small_a,
          chequers_serial_rivers_small_3, chequers_serial_rivers_room_b
D:2:      layout_loops_ring, serial_co_window_serial,
          co_window_of_opportunity_a, co_window_corner_a, co_window_corner_a,
          co_window_paths_a, co_window_cross_1, co_window_broadway_a,
          co_window_2corner, co_window_paths_c, co_window_corner_b,
          co_window_corner_b, co_window_sun, co_window_4corner_a,
          glass_columns_b, glass_columns_c, glass_columns_a
D:3:      layout_basic, mainiacjoe_overflow_concentric_impassable,
          dancing_weapons_uskayaw, mainiacjoe_overflow_cross_hatched
D:4:      layout_basic, lemuel_crystal_altar, xom_teletrap_fun,
          cheibrodos_sewer_entry_bend, uniq_blork_the_orc
D:5:      layout_loops_ring, trog_three_pillars_becter, enter_ossuary_4,
          uniq_crazy_yiuf_cottage, uniq_menkaure
D:6:      layout_basic, mainiacjoe_overflow_brackets, kennysheep_generic_room_13
D:7:      layout_basic, kennysheep_mini_moat, gammafunk_ghost_smash, uniq_joseph
D:8:      layout_basic, worms_lemuel, uniq_maurice
D:9:      layout_roguey, kennysheep_vampire_church, lair_entry_dummy,
          serial_shops, shop, uniq_erolcha
D:10:     layout_roguey, lemuel_mausoleum_altar_yredelemnul,
          nicolae_qazlal_general_emergency, serial_shops,
          nicolae_shop_gibbet_a_chance, grunt_ministairs_15,
          kennysheep_flooded_box
D:11:     layout_irregular_city, portal_ice_cave_entry_pillars_1, serial_ice,
          serial_ice_b, serial_ice_g, serial_ice_c, serial_ice_f, serial_ice_o,
          serial_ice_i, serial_ice_m, serial_ice_a, serial_ice_h, serial_ice_e,
          minivault_7
D:12:     layout_loops_ring, erik_orc_2
D:13:     layout_grid_maze, special_room [special_room_orc], serial_shops, shop,
          st_stairs_14, uniq_rupert
D:14:     layout_cave_pools, skrybe_vaults_entry_preservation,
          minmay_misc_feat_cross
D:15:     hangedman_depths_entry_try_elsewhere_first, layout_long_grid,
          gauntlet_entry_generic, dreamdust_mushroom_princess,
          palyth_stone_intersect, minmay_misc_feat_x, uniq_louise, uniq_jorgrun,
          uniq_kirke
Lair:1:   layout_cave_pods
Lair:2:   layout_roguey, guppyfry_snake_entry_garden, basic_altar,
          serial_bayou_shore_a, grunt_megastairs_1, uniq_gastronok
Lair:3:   layout_gridlike, minmay_shoals_entry_beasts,
          hellmonk_ghost_happy_afterlife, beast_lair_carwin_8,
          grunt_megastairs_3
Lair:4:   layout_regular_city, minmay_lair_oklob_bushes, serial_bayou_shore_b
Lair:5:   due_jungle_book, layout_cave_shapes, minmay_slime_entry_oklob_open,
          grunt_forest_large_clearings
Shoals:1: layout_shoals
Shoals:2: layout_shoals, serial_shops, bzr_firewalk, nicolae_shoals_songs,
          uniq_donald
Shoals:3: layout_shoals, nicolae_shoals_nymph_descending_staircase
Snake:1:  layout_grid_maze, uniq_agnes
Snake:2:  layout_misc_corridors, serial_shops, shop, shop, shop,
          nicolae_shop_industrial_runoff, grunt_ministairs_8
Snake:3:  layout_onion, gammafunk_ghost_split, nicolae_elevator_lobby_plus,
          uniq_roxanne
Snake:4:  snake_pit_salamanders_mu, layout_cave_shapes, serial_shops,
          nicolae_shop_tiny_real_fake_doors, nicolae_snake_lava_pool, uniq_aizul
Orc:1:    layout_caves, sword_in_stone, uniq_josephine, uniq_erica,
          uniq_nergalle
Orc:2:    st_orc_rangers, layout_diamond_mine

Skill      XL: |  1  2  3  4  5  6  7  8  9 10 11 12 13 14 15 16 17 18 |
---------------+-------------------------------------------------------+-----
Armour         | 1 2 3 4 5 6 7 8 |  8.0
Ranged Weapons | 5 6 7 8 9 11 12 13 15 17 18 20 21 22 | 22.0
Fighting       | 3 4 5 6 7 8 9 10 11 13 14 15 18 | 18.0
Dodging        | 2 3 4 5 6 7 8 9 10 12 13 14 | 14.4
Invocations    | 1 4 6 9 10 | 10.0
Stealth        | |  1.1

Action                     |  1- 3 |  4- 6 |  7- 9 | 10-12 | 13-15 | 16-18 | 19-21 || total
---------------------------+-------+-------+-------+-------+-------+-------+-------++-------
   Fire: Shortbow          |    54 |       |       |       |       |       |       ||    54
         Arbalest          |    40 |    59 |   154 |   222 |   485 |       |       ||   960
         Triple crossbow   |       |       |       |       |   222 |   865 |       ||  1087
 Invoke: Heroism           |       |       |     5 |    23 |    24 |    40 |       ||    92
         Finesse           |       |       |       |     1 |     4 |     6 |       ||    11
    Use: Scroll            |     8 |     4 |    10 |     6 |     6 |     4 |     1 ||    39
         Potion            |     2 |       |     8 |     2 |     4 |     3 |       ||    19
 Armour: Leather armour    |    14 |       |       |       |       |       |       ||    14
         Ring mail         |    24 |    20 |       |       |       |       |       ||    44
         Troll leather arm |       |     5 |    77 |       |       |       |       ||    82
         Robe              |       |       |    19 |    94 |   322 |   226 |     3 ||   664
  Dodge: Dodged            |    37 |    18 |    95 |   193 |   629 |   733 |     3 ||  1708

Table legend:
 A = Non-vault XP
 B = Vault XP
 C = Vault XP percentage of total XP
 D = Non-vault monster count
 E = Vault monster count
 F = Vault count percentage of total count
                 A         B        C        D         E       F
            +---------+---------+-------+---------+---------+-------
      Total |  219456 |   97685 |  30.8 |     742 |     328 |  30.7
            +---------+---------+-------+---------+---------+-------
        D:1 |      29 |       0 |   0.0 |      19 |       0 |   0.0
        D:2 |      42 |       0 |   0.0 |      19 |       0 |   0.0
        D:3 |      72 |       0 |   0.0 |      18 |       0 |   0.0
        D:4 |     261 |     106 |  28.9 |      12 |       3 |  20.0
        D:5 |     713 |     159 |  18.2 |      20 |       3 |  13.0
        D:6 |     850 |      13 |   1.5 |      14 |       1 |   6.7
        D:7 |     701 |     419 |  37.4 |      15 |       1 |   6.2
        D:8 |    1854 |     656 |  26.1 |      27 |       2 |   6.9
        D:9 |    1218 |    1040 |  46.1 |      16 |      11 |  40.7
       D:10 |    5414 |    4345 |  44.5 |      39 |      21 |  35.0
       D:11 |    1948 |    3549 |  64.6 |       7 |      36 |  83.7
       D:12 |    5460 |    1071 |  16.4 |      24 |      21 |  46.7
       D:13 |    3781 |    3472 |  47.9 |      13 |      17 |  56.7
       D:14 |   16120 |    6890 |  29.9 |      33 |       9 |  21.4
       D:15 |   12996 |    8392 |  39.2 |      34 |      11 |  24.4
     Lair:1 |   10392 |       0 |   0.0 |      28 |       0 |   0.0
     Lair:2 |    3960 |    3348 |  45.8 |      17 |      10 |  37.0
     Lair:3 |    7218 |    4013 |  35.7 |      27 |      12 |  30.8
     Lair:4 |   11701 |     520 |   4.3 |      37 |       1 |   2.6
     Lair:5 |   13756 |   14944 |  52.1 |      42 |      28 |  40.0
   Shoals:1 |   19022 |       0 |   0.0 |      31 |       0 |   0.0
   Shoals:2 |    9910 |    3983 |  28.7 |      21 |       5 |  19.2
   Shoals:3 |   12684 |    1756 |  12.2 |      26 |       4 |  13.3
    Snake:1 |   23571 |    1449 |   5.8 |      43 |       1 |   2.3
    Snake:2 |   13091 |     610 |   4.5 |      23 |       1 |   4.2
    Snake:3 |   20826 |    1375 |   6.2 |      44 |       1 |   2.2
    Snake:4 |   16787 |   26056 |  60.8 |      35 |      40 |  53.3
      Orc:1 |    3111 |    4033 |  56.5 |      33 |      12 |  26.7
      Orc:2 |    1968 |    5026 |  71.9 |      25 |      39 |  60.9
      Sewer |       0 |     142 | 100.0 |       0 |       6 | 100.0
    Ossuary |       0 |     318 | 100.0 |       0 |      32 | 100.0
            +---------+---------+-------+---------+---------+-------
